 Dungeon Crawl Stone Soup version 0.31-a0-152-g6aa68a64a1 (webtiles) character file.

Game seed: 4113355159764037668

1299 qw the Skirmisher (level 8, -5/68 (74) HPs)
             Began as a Naga Hunter on June 10, 2023.
             Was a Follower of Okawaru.
             Slain by a wight
             ... wielding a +1 mace of freezing
              (9 damage)
             ... on level 6 of the Dungeon.
             The game lasted 00:01:54 (4676 turns).

qw the Skirmisher (Naga Hunter)                     Turns: 4676, Time: 00:01:54

HP:   -5/68 (74)    AC: 13    Str: 14    XL:     8   Next: 56%
MP:   8/10          EV: 13    Int: 10    God:    Okawaru [*.....]
Gold: 96            SH:  0    Dex: 16    Spells: 7/7 levels left

rFire   . . .        Y - +0 shortbow (flame)
rCold   . . .        (shield currently unavailable)
rNeg    . . .        c - +0 leather armour
rPois   +            h - +1 helmet
rElec   .            l - +1 cloak
rCorr   .            (no gloves)
SInv    +            (no barding)
Will    +....        (no amulet)
Stlth   +++          d - +4 ring of protection
HPRegen 0.31/turn    (no ring)
MPRegen 0.12/turn

%: no passive effects
@: heroic, drained, very slow
A: AC +2, large, see invisible, deformed body, poison resistance, slowness 2,
spit poison 1, naga tail 1
a: Spit Poison, Renounce Religion, Heroism


You were on level 6 of the Dungeon.
You worshipped Okawaru.
Okawaru was aware of your devotion.
You visited 1 branch of the dungeon, and saw 7 of its levels.

You collected 214 gold pieces.
You spent 118 gold pieces at shops.


Innate Abilities, Weirdness & Mutations

Your serpentine skin is tough. (AC +2)
You have supernaturally acute eyesight. (SInv)
Armour fits poorly on your strangely shaped body.
Your system is resistant to poisons. (rPois)
You cover ground very slowly.
You can spit poison.
You have a snake-like lower body.


   Skills:
 - Level 5.1(10.1) Fighting
 + Level 8.1(13.1) Ranged Weapons
 - Level 1.5(6.5) Armour
 - Level 2.1(7.1) Dodging
 - Level 1.5(6.5) Stealth
 + Level 3.0 Invocations


You had 7 spell levels left.
You didn't know any spells.
Your spell library was empty.

Inventory:

Hand Weapons
 Y - a +0 shortbow of flaming (weapon)
Armour
 c - a +0 leather armour (worn)
 h - a +1 helmet (worn)
 l - a +1 cloak (worn)
 m - a scarf of resistance
Jewellery
 d - a +4 ring of protection (left hand)
Scrolls
 g - 2 scrolls of identify
Potions
 a - a potion of degeneration {unknown}
 b - a potion of invisibility {unknown}
 e - a potion of enlightenment {unknown}
 f - a potion of berserk rage {unknown}
 i - 2 potions of curing
 j - a potion of mutation {unknown}
 k - a potion of heal wounds {unknown}
 n - a potion of ambrosia {unknown}
 p - a potion of might

Dungeon Overview and Level Annotations

Branches:
Dungeon (7/15)             Temple (0/1) D:4

Altars:
Okawaru
Xom
Zin

Shops:
D:3 *

Annotations:
D:3 3 runed translucent doors, qw's ghost, amateur NaHu


Message History

You shoot an arrow.
The arrow hits the wight but does no damage.
The wight is heavily damaged.
The wight hits you from afar with a +7 halberd!
You shoot an arrow.
The arrow hits the wight but does no damage.
The wight hits you but does no damage.
The wight hits you from afar with a +7 halberd.
You feel drained.
You shoot an arrow.
The arrow hits the wight but does no damage.
The wight hits you with a +1 mace of freezing.
You feel drained. The wight freezes you. The wight hits you but does no damage.
You shoot an arrow. The arrow barely misses the wight.
The wight hits you but does no damage. x3
You shoot an arrow.
The arrow hits the wight but does no damage.
The wight closely misses you. The wight barely misses you. x2
You shoot an arrow. The arrow hits the wight.
The arrow burns the wight.
The wight is heavily damaged.
The wight hits you from afar with a +7 halberd.
You feel drained.
You shoot an arrow. The arrow barely misses the wight.
The wight hits you from afar with a +7 halberd.
You feel drained. The wight hits you with a +0 dagger.
4674 ||| INVOKING Heroism.
You gain the combat prowess of a mighty hero.
The wight hits you with a +1 mace of freezing.
The wight freezes you.
The wight hits you from afar with a +7 halberd!
The wight hits you with a +3 battleaxe! The wight barely misses you.
You shoot an arrow. The arrow hits the wight.
The arrow burns the wight.
The wight is severely damaged.
The wight closely misses you. x2; The wight barely misses you.
The wight hits you with a +0 dagger!
You feel drained.
You shoot an arrow. The arrow hits the wight!
The arrow burns the wight.
You destroy the wight!
Okawaru accepts your kill.
The wight hits you with a +1 mace of freezing!
You die...

..##....##.........
. ###.%.#..........
. #................
...#....#..........
.........#...#....<
..#.....##.........
#...##.##...#....
#.###.....#.##...
#. #@)...#...<..
##...zz######.#.
#..z... #
.....##... .....
#.... .#.. .....#
... ....## ...
..[..


You could see 3 wights.

Vanquished Creatures
  Menkaure (D:4)
  2 ogres (D:5)
  2 bullfrogs
  4 scorpions
  A wight (D:6)
  A jelly (D:3)
  4 hounds
  2 orc priests (D:2)
  3 iguanas
  2 orc wizards (D:2)
  8 gnolls
  10 adders
  3 white imps
  2 ufetubi
  A worm (D:2)
  3 dart slugs
  18 orcs
  6 ball pythons
  8 endoplasms
  3 giant cockroaches
  8 goblins
  6 hobgoblins
  5 kobolds
  4 quokkas
  7 bats
  3 frilled lizards (D:3)
  2 rats
119 creatures vanquished.

Notes
Turn   | Place    | Note
-------+----------+-------------------------------------------
     0 | D:1      | qw the Naga Hunter began the quest for the Orb.
     0 | D:1      | Reached XP level 1. HP: 19/19 MP: 1/1
     0 | D:1      | 0 ||| qw: Version: 0.2-a-29-gd901d54
     0 | D:1      | 0 ||| qw: Game counter: 4010
     0 | D:1      | 0 ||| qw: Always use a shield: true
     0 | D:1      | 0 ||| qw: God list: Okawaru
     0 | D:1      | 0 ||| qw: Allow faded altars: false
     0 | D:1      | 0 ||| qw: Do Orc after D:15 true
     0 | D:1      | 0 ||| qw: Do second Lair branch before Depths: true
     0 | D:1      | 0 ||| qw: Lair rune preference: random
     0 | D:1      | 0 ||| qw: Plans: Normal
     0 | D:1      | 0 ||| PLANNING D:1-11
    79 | D:1      | 79 ||| INVOKING Spit Poison.
   100 | D:1      | 100 ||| INVOKING Spit Poison.
   103 | D:1      | Reached skill level 4 in Ranged Weapons
   103 | D:1      | Reached XP level 2. HP: 26/26 MP: 2/2
   120 | D:1      | 120 ||| INVOKING Spit Poison.
   163 | D:1      | 163 ||| INVOKING Spit Poison.
   343 | D:1      | 343 ||| INVOKING Spit Poison.
   350 | D:1      | 350 ||| INVOKING Spit Poison.
   354 | D:1      | 354 ||| INVOKING Spit Poison.
   438 | D:1      | 438 ||| UPGRADING to +0 cloak.
   443 | D:1      | 443 ||| UPGRADING to +0 helmet.
   448 | D:1      | 448 ||| UPGRADING to +4 ring of protection.
   449 | D:1      | 449 ||| READING scroll labelled QOENUH XEA.
   450 | D:1      | 450 ||| READING scroll labelled PIHOAB POASK.
   451 | D:1      | 451 ||| DROPPING scroll of butterflies.
   470 | D:2      | 470 ||| INVOKING Spit Poison.
   496 | D:2      | Noticed a scorpion
   497 | D:2      | 497 ||| INVOKING Spit Poison.
   501 | D:2      | Killed a scorpion
   502 | D:2      | Reached skill level 5 in Ranged Weapons
   502 | D:2      | Reached XP level 3. HP: 32/32 MP: 3/3
   502 | D:2      | Reached XP level 4. HP: 39/39 MP: 4/4
   564 | D:2      | 564 ||| INVOKING Spit Poison.
   595 | D:2      | 595 ||| INVOKING Spit Poison.
   600 | D:2      | 600 ||| INVOKING Spit Poison.
   604 | D:2      | 604 ||| INVOKING Spit Poison.
   610 | D:2      | 610 ||| INVOKING Spit Poison.
   613 | D:2      | 613 ||| INVOKING Spit Poison.
   614 | D:2      | 614 ||| INVOKING Spit Poison.
   615 | D:2      | Reached XP level 5. HP: 32/48 MP: 5/5
   618 | D:2      | 618 ||| INVOKING Spit Poison.
   619 | D:2      | Reached skill level 3 in Fighting
   622 | D:2      | 622 ||| INVOKING Spit Poison.
   626 | D:2      | 626 ||| INVOKING Spit Poison.
   627 | D:2      | HP: 2/49 [gnoll/+0 flail (11)]
   810 | D:2      | 810 ||| INVOKING Spit Poison.
   841 | D:2      | 841 ||| INVOKING Spit Poison.
   868 | D:2      | 868 ||| INVOKING Spit Poison.
   982 | D:2      | 982 ||| INVOKING Spit Poison.
  1076 | D:2      | 1076 ||| INVOKING Spit Poison.
  1090 | D:2      | 1090 ||| INVOKING Spit Poison.
  1093 | D:2      | 1093 ||| INVOKING Spit Poison.
  1098 | D:2      | 1098 ||| INVOKING Spit Poison.
  1102 | D:2      | 1102 ||| INVOKING Spit Poison.
  1115 | D:2      | 1115 ||| INVOKING Spit Poison.
  1190 | D:2      | 1190 ||| INVOKING Spit Poison.
  1291 | D:2      | 1291 ||| INVOKING Spit Poison.
  1294 | D:2      | Found a faded altar of an unknown god.
  1294 | D:2      | Noticed a neqoxec
  1413 | D:2      | 1413 ||| INVOKING Spit Poison.
  1536 | D:2      | 1536 ||| INVOKING Spit Poison.
  1555 | D:2      | 1555 ||| DROPPING ring of flight.
  1556 | D:2      | 1556 ||| READING scroll labelled UFEVON ANAOJIL.
  1557 | D:2      | 1557 ||| READING 2 scrolls labelled PEUNYFISHA.
  1558 | D:2      | 1558 ||| READING scroll labelled KOYFAF TAOMOO.
  1562 | D:2      | 1562 ||| READING scroll labelled PULISI VORR.
  1563 | D:2      | 1563 ||| DRINKING 2 viscous golden potions.
  1595 | D:2      | 1595 ||| DROPPING scroll of noise.
  1596 | D:2      | 1596 ||| DROPPING potion of lignification.
  1606 | D:3      | Found a shimmering altar of Xom.
  1607 | D:3      | 1607 ||| PLANNING SEWER
  1607 | D:3      | 1607 ||| INVOKING Spit Poison.
  1612 | D:3      | 1612 ||| STAIRDANCE
  1614 | D:2      | 1614 ||| INVOKING Spit Poison.
  1619 | D:2      | 1619 ||| INVOKING Spit Poison.
  1624 | D:2      | Reached skill level 6 in Ranged Weapons
  1624 | D:2      | Reached XP level 6. HP: 26/56 MP: 6/6
  1728 | D:3      | 1728 ||| INVOKING Spit Poison.
  1729 | D:3      | 1729 ||| STAIRDANCE
  1731 | D:2      | 1731 ||| INVOKING Spit Poison.
  1738 | D:2      | 1738 ||| INVOKING Spit Poison.
  1881 | D:3      | 1881 ||| INVOKING Spit Poison.
  1883 | D:3      | 1883 ||| STAIRDANCE
  1885 | D:2      | 1885 ||| INVOKING Spit Poison.
  1914 | D:3      | 1914 ||| STAIRDANCE
  1937 | D:3      | 1937 ||| INVOKING Spit Poison.
  1938 | D:3      | 1938 ||| STAIRDANCE
  1978 | D:3      | 1978 ||| INVOKING Spit Poison.
  1982 | D:3      | 1982 ||| INVOKING Spit Poison.
  1989 | D:3      | 1989 ||| STAIRDANCE
  1993 | D:2      | 1993 ||| INVOKING Spit Poison.
  1997 | D:2      | 1997 ||| INVOKING Spit Poison.
  2115 | D:3      | 2115 ||| INVOKING Spit Poison.
  2165 | D:3      | 2165 ||| INVOKING Spit Poison.
  2209 | D:3      | Found a runed translucent gate.
  2210 | D:3      | 2210 ||| INVOKING Spit Poison.
  2223 | D:3      | Found a runed translucent gate.
  2224 | D:3      | Found a runed translucent gate.
  2225 | D:3      | Noticed qw's ghost (amateur NaHu)
  2266 | D:3      | Found an iron altar of Okawaru.
  2268 | D:3      | 2268 ||| INVOKING Spit Poison.
  2275 | D:3      | 2275 ||| INVOKING Spit Poison.
  2324 | D:3      | 2324 ||| RIP SEWER
  2367 | D:3      | 2367 ||| PLANNING OKAWARU WORSHIP
  2367 | D:3      | 2367 ||| INVOKING Spit Poison.
  2368 | D:3      | 2368 ||| READING scroll labelled YCLIMY KOITZ.
  2415 | D:3      | Became a worshipper of Warmaster Okawaru
  2415 | D:3      | 2415 ||| PLANNING D:1-11
  2435 | D:3      | 2435 ||| INVOKING Spit Poison.
  2478 | D:3      | 2478 ||| INVOKING Spit Poison.
  2533 | D:3      | 2533 ||| INVOKING Spit Poison.
  2605 | D:3      | Found Qucvubas's General Store.
  2614 | D:3      | 2614 ||| BUYING scroll of identify (28 gold).
  2614 | D:3      | Bought a scroll of identify for 28 gold pieces
  2896 | D:3      | 2896 ||| UPGRADING to +1 cloak.
  2906 | D:3      | 2906 ||| DROPPING +0 cloak.
  2937 | D:4      | 2937 ||| INVOKING Spit Poison.
  2947 | D:4      | 2947 ||| INVOKING Spit Poison.
  2962 | D:4      | 2962 ||| INVOKING Spit Poison.
  2969 | D:4      | 2969 ||| INVOKING Spit Poison.
  2971 | D:4      | Reached XP level 7. HP: 62/64 MP: 7/7
  2976 | D:4      | 2976 ||| INVOKING Spit Poison.
  2981 | D:4      | 2981 ||| INVOKING Spit Poison.
  2999 | D:4      | Found a staircase to the Ecumenical Temple.
  3098 | D:4      | Noticed Menkaure
  3105 | D:4      | HP: 6/64 [Menkaure (19)]
  3106 | D:4      | Killed Menkaure
  3107 | D:4      | Reached skill level 7 in Ranged Weapons
  3337 | D:4      | 3337 ||| INVOKING Spit Poison.
  3386 | D:4      | 3386 ||| INVOKING Spit Poison.
  3452 | D:4      | 3452 ||| INVOKING Spit Poison.
  3483 | D:4      | 3483 ||| INVOKING Spit Poison.
  3643 | D:4      | 3643 ||| INVOKING Spit Poison.
  3752 | D:4      | 3752 ||| DRINKING 2 glowing white potions.
  3753 | D:4      | 3753 ||| DROPPING potion of brilliance.
  3773 | D:5      | Entered Level 5 of the Dungeon
  3776 | D:5      | 3776 ||| INVOKING Spit Poison.
  3780 | D:5      | 3780 ||| INVOKING Spit Poison.
  3819 | D:5      | 3819 ||| INVOKING Spit Poison.
  3821 | D:5      | Reached skill level 1 in Armour
  3825 | D:5      | 3825 ||| INVOKING Spit Poison.
  3825 | D:5      | Reached * piety under Okawaru
  3869 | D:5      | Found Zin's Purification Station.
  3874 | D:5      | 3874 ||| Stepping ~*~*~tactically~*~*~ (outnumbered).
  3876 | D:5      | 3876 ||| Stepping ~*~*~tactically~*~*~ (outnumbered).
  3877 | D:5      | 3877 ||| INVOKING Spit Poison.
  3883 | D:5      | 3883 ||| INVOKING Spit Poison.
  3889 | D:5      | 3889 ||| INVOKING Spit Poison.
  3890 | D:5      | Reached skill level 1 in Invocations
  3893 | D:5      | 3893 ||| INVOKING Spit Poison.
  3932 | D:5      | Found a glowing silver altar of Zin.
  3935 | D:5      | 3935 ||| BUYING potion of curing (90 gold).
  3935 | D:5      | Bought a potion of curing for 90 gold pieces
  3944 | D:5      | 3944 ||| INVOKING Heroism.
  3945 | D:5      | 3945 ||| INVOKING Spit Poison.
  3950 | D:5      | Reached XP level 8. HP: 60/72 MP: 5/8
  4085 | D:5      | 4085 ||| INVOKING Spit Poison.
  4088 | D:5      | 4088 ||| INVOKING Spit Poison.
  4098 | D:5      | 4098 ||| INVOKING Spit Poison.
  4102 | D:5      | 4102 ||| INVOKING Spit Poison.
  4107 | D:5      | 4107 ||| INVOKING Spit Poison.
  4111 | D:5      | 4111 ||| INVOKING Spit Poison.
  4336 | D:5      | 4336 ||| READING 2 scrolls labelled XINGITO MUIREMM.
  4337 | D:5      | 4337 ||| READING scroll of enchant armour.
  4337 | D:5      | 4337 ||| ENCHANTING +0 helmet.
  4338 | D:5      | 4338 ||| DRINKING 2 bubbling golden potions.
  4352 | D:6      | 4352 ||| INVOKING Spit Poison.
  4355 | D:6      | 4355 ||| INVOKING Spit Poison.
  4361 | D:6      | 4361 ||| INVOKING Spit Poison.
  4367 | D:6      | 4367 ||| INVOKING Spit Poison.
  4371 | D:6      | Reached skill level 8 in Ranged Weapons
  4374 | D:6      | 4374 ||| INVOKING Spit Poison.
  4379 | D:6      | You fall into a shaft and drop 1 floor!
  4389 | D:7      | 4389 ||| INVOKING Spit Poison.
  4391 | D:7      | 4391 ||| Stepping ~*~*~tactically~*~*~ (outnumbered).
  4395 | D:7      | 4395 ||| INVOKING Spit Poison.
  4399 | D:7      | 4399 ||| INVOKING Spit Poison.
  4406 | D:7      | 4406 ||| INVOKING Spit Poison.
  4410 | D:7      | 4410 ||| INVOKING Spit Poison.
  4430 | D:7      | 4430 ||| INVOKING Heroism.
  4526 | D:6      | 4526 ||| INVOKING Spit Poison.
  4529 | D:6      | 4529 ||| INVOKING Spit Poison.
  4586 | D:6      | 4586 ||| INVOKING Spit Poison.
  4590 | D:6      | 4590 ||| INVOKING Spit Poison.
  4605 | D:6      | 4605 ||| INVOKING Spit Poison.
  4609 | D:6      | 4609 ||| INVOKING Spit Poison.
  4622 | D:6      | 4622 ||| INVOKING Spit Poison.
  4635 | D:6      | 4635 ||| INVOKING Spit Poison.
  4637 | D:6      | Reached skill level 3 in Invocations
  4674 | D:6      | 4674 ||| INVOKING Heroism.
  4674 | D:6      | HP: 11/69 [wight/+3 battleaxe (13)]
  4675 | D:6      | HP: 4/69 [wight/+0 dagger (7)]
  4676 | D:6      | Slain by a wight

Levels and vault maps discovered:
D:1:      eino_arrival_druids_welcome, layout_basic
D:2:      minmay_alternating_diamond, layout_basic,
          dreamdust_ecumenical_altar_sealed_demon, minmay_close_crescents
D:3:      layout_basic, chequers_temple_overflow_statue_of_worship,
          serial_shops, nicolae_shop_statue_plus, gup_sewer_entry_bowl,
          gammafunk_ghost_nasty_kobolds, hex_medium, grunt_ministairs_1
D:4:      layout_loops_ring, minmay_temple_entry_crystal_x, uniq_menkaure
D:5:      layout_basic, zin_purify, minmay_door_square,
          kennysheep_generic_room_13
D:6:      layout_cave_pools
D:7:      layout_cave_pools, lightli_orcish_oven

Skill      XL: |  1  2  3  4  5  6  7  8 |
---------------+-------------------------+-----
Ranged Weapons | 4 5 6 7 8 |  8.1
Fighting       | 3 4 5 |  5.1
Dodging        | 2 |  2.1
Armour         | 1 |  1.5
Invocations    | 1 3 |  3.0
Stealth        | |  1.5

Action                     |  1- 3 |  4- 6 |  7- 9 || total
---------------------------+-------+-------+-------++-------
   Fire: Shortbow          |    28 |   144 |   158 ||   330
 Invoke: Heroism           |       |       |     3 ||     3
Ability: Spit Poison       |     9 |    49 |    40 ||    98
    Use: Scroll            |     2 |     5 |     2 ||     9
         Potion            |       |     1 |     2 ||     3
 Armour: Leather armour    |     2 |    61 |    63 ||   126
  Dodge: Dodged            |     1 |    76 |    90 ||   167

Table legend:
 A = Non-vault XP
 B = Vault XP
 C = Vault XP percentage of total XP
 D = Non-vault monster count
 E = Vault monster count
 F = Vault count percentage of total count
                 A         B        C        D         E       F
            +---------+---------+-------+---------+---------+-------
      Total |    1666 |     262 |  13.6 |      99 |      20 |  16.8
            +---------+---------+-------+---------+---------+-------
        D:1 |      23 |       0 |   0.0 |      12 |       0 |   0.0
        D:2 |     368 |      29 |   7.3 |      30 |       9 |  23.1
        D:3 |     134 |      53 |  28.3 |      18 |       5 |  21.7
        D:4 |      93 |     165 |  64.0 |      13 |       1 |   7.1
        D:5 |     491 |       0 |   0.0 |      14 |       0 |   0.0
        D:6 |     537 |       0 |   0.0 |      10 |       0 |   0.0
        D:7 |      20 |      15 |  42.9 |       2 |       5 |  71.4
            +---------+---------+-------+---------+---------+-------
